AA
FREDERICK STARS @ CHARLESTON REBELS
05/28/2060
 
TOP OF THE 1ST
Frederick Stars batting - Pitching for Charleston Rebels : LHP Thomas Porter
Pitching: LHP Thomas Porter
Batting: RHB Mitchell Metz 0-0: DOUBLE (Line Drive, 7LM, EV 111.2 MPH)
Batting: LHB Brad Moore 0-0: Ball
1-0: Called Strike
1-1: Foul Ball, location: 2F
1-2: Ground out 6-3 (Groundball, 6, EV 107.5 MPH)
Batting: RHB Jay Atwood 0-0: Ball
Mitchell Metz steals 3rd base
1-0: Ball
2-0: SINGLE (Groundball, 4D, EV 102.5 MPH)
Mitchell Metz scores
Batting: RHB Furman Mendoza 0-0: Called Strike
0-1: Ball
1-1: Foul Ball, location: 2F
1-2: Foul Ball, location: 2F
1-2: SINGLE (Groundball, 6, EV 95.0 MPH)
Jay Atwood to second
Batting: RHB Fabyon Choi 0-0: Ball
1-0: Ball
2-0: Swinging Strike
2-1: Swinging Strike
2-2: Ball
3-2: Strikes out looking
Batting: RHB Abraham Koziarz 0-0: Ground out U3 (Groundball, 13, EV 83.8 MPH)
Top of the 1st over - 1 run, 3 hits, 0 errors, 2 left on base; Frederick 1 - Charleston 0
BOTTOM OF THE 1ST
Charleston Rebels batting - Pitching for Frederick Stars : RHP Andy Wilson
Pitching: RHP Andy Wilson
Batting: LHB Devin Clark 0-0: Swinging Strike
0-1: Ball
1-1: Bunt for hit to 23 - play at first, batter OUT! 3-4
Batting: RHB Brant Hartman 0-0: Ball
1-0: Ball
2-0: Fly out, F9 (Flyball, 9, EV 78.8 MPH)
Batting: RHB Zachary LaFerriere 0-0: Foul Ball, location: 2F
0-1: Swinging Strike
0-2: Ball
1-2: SINGLE (Line Drive, 34, EV 97.5 MPH)
Batting: LHB Chance Sprenkle 0-0: Ball
1-0: Ball
2-0: Ball
3-0: Base on Balls
Zachary LaFerriere to second
Batting: RHB Quinton Powell 0-0: Ball
1-0: Called Strike
1-1: Ball
2-1: Ball
3-1: Ground out 5-3 (Groundball, 56S, EV 90.0 MPH)
Bottom of the 1st over - 0 runs, 1 hit, 0 errors, 2 left on base; Frederick 1 - Charleston 0
TOP OF THE 2ND
Frederick Stars batting - Pitching for Charleston Rebels : LHP Thomas Porter
Batting: RHB Carston Abidugun 0-0: Ball
1-0: Ground out 6-3 (Groundball, 56, EV 109.4 MPH)
Batting: LHB Harrison Ruto 0-0: Ball
1-0: Called Strike
1-1: SINGLE (Line Drive, 8RS, EV 88.1 MPH)
Batting: SHB Lane Nixon 0-0: Called Strike
0-1: Fly out, F7 (Flyball, 7LMF, EV 87.5 MPH)
Batting: RHB Mitchell Metz 0-0: Called Strike
0-1: Foul Ball, location: 2F
0-2: Ball
1-2: Foul Ball, location: 2F
1-2: Strikes out looking
Top of the 2nd over - 0 runs, 1 hit, 0 errors, 1 left on base; Frederick 1 - Charleston 0
BOTTOM OF THE 2ND
Charleston Rebels batting - Pitching for Frederick Stars : RHP Andy Wilson
Batting: LHB Nicholas Murphy 0-0: Foul Ball, location: 2F
0-1: Ball
1-1: Fly out, F8 (Flyball, 8LD, EV 96.2 MPH)
Batting: LHB Benardrick Bajraktari 0-0: Called Strike
0-1: Ball
1-1: Swinging Strike
1-2: Foul Ball, location: 2F
1-2: SINGLE (Line Drive, 8RS, EV 88.1 MPH)
Batting: SHB Keith Parham 0-0: Swinging Strike
0-1: Ball
1-1: Grounds into double play, 5-4-3 (Groundball, 5L, EV 102.5 MPH)
Bottom of the 2nd over - 0 runs, 1 hit, 0 errors, 0 left on base; Frederick 1 - Charleston 0
TOP OF THE 3RD
Frederick Stars batting - Pitching for Charleston Rebels : LHP Thomas Porter
Batting: LHB Brad Moore 0-0: Ball
1-0: Swinging Strike
1-1: Ball
2-1: Ground out 6-3 (Groundball, 6S, EV 68.8 MPH)
Batting: RHB Jay Atwood 0-0: Swinging Strike
0-1: Fly out, F4 (Popup, 4D, EV 69.4 MPH)
Batting: RHB Furman Mendoza 0-0: Swinging Strike
0-1: Ball
1-1: Ball
2-1: Fly out, F8 (Flyball, 8LS, EV 83.8 MPH)
Top of the 3rd over - 0 runs, 0 hits, 0 errors, 0 left on base; Frederick 1 - Charleston 0
BOTTOM OF THE 3RD
Charleston Rebels batting - Pitching for Frederick Stars : RHP Andy Wilson
Batting: RHB Killian Gachukia 0-0: Ground out 6-3 (Groundball, 6M, EV 103.8 MPH)
Batting: LHB Devin Clark 0-0: Foul Ball, location: 2F
0-1: Foul Ball, location: 2F
0-2: Ball
1-2: Foul Ball, location: 2F
1-2: SINGLE (Line Drive, 3D, EV 98.8 MPH)
Batting: RHB Brant Hartman 0-0: Called Strike
Devin Clark steals 2nd base (no throw)
0-1: Swinging Strike
0-2: Fly out, F8 (Flyball, 8LD, EV 85.0 MPH)
Runner from 2nd tags up, SAFE at 3rd with throw by CF
Batting: RHB Zachary LaFerriere 0-0: Swinging Strike
0-1: Called Strike
0-2: Foul Ball, location: 2F
0-2: Ball
1-2: SINGLE (Flyball, 9S, EV 92.5 MPH)
Devin Clark scores
Batting: LHB Chance Sprenkle 0-0: Ball
Wild Pitch!
Zachary LaFerriere to second
1-0: Called Strike
1-1: Fly out, F4 (Popup, 34, EV 76.9 MPH)
Bottom of the 3rd over - 1 run, 2 hits, 0 errors, 1 left on base; Frederick 1 - Charleston 1
TOP OF THE 4TH
Frederick Stars batting - Pitching for Charleston Rebels : LHP Thomas Porter
Batting: RHB Fabyon Choi 0-0: Foul Ball, location: 2F
0-1: Ground out 4-3 (Groundball, 4, EV 97.5 MPH)
Batting: RHB Abraham Koziarz 0-0: Swinging Strike
0-1: Fly out, F9 (Line Drive, 89M, EV 90.0 MPH)
Batting: RHB Carston Abidugun 0-0: Called Strike
0-1: Foul Ball, location: 2F
0-2: Foul Ball, location: 2F
0-2: Ground out 6-3 (Groundball, 6, EV 93.8 MPH)
Top of the 4th over - 0 runs, 0 hits, 0 errors, 0 left on base; Frederick 1 - Charleston 1
BOTTOM OF THE 4TH
Charleston Rebels batting - Pitching for Frederick Stars : RHP Andy Wilson
Batting: RHB Quinton Powell 0-0: Ball
1-0: Ground out 2-3 (Groundball, 15S, EV 68.8 MPH)
Batting: LHB Nicholas Murphy 0-0: Ball
1-0: Ball
2-0: Foul Ball, location: 2F
2-1: Ball
3-1: Swinging Strike
3-2: Foul Ball, location: 2F
3-2: Base on Balls
Batting: LHB Benardrick Bajraktari 0-0: DOUBLE (Line Drive, 9LM, EV 105.6 MPH)
Nicholas Murphy to third
Nicholas Murphy scores
Batting: SHB Keith Parham 0-0: Ball
1-0: Ball
2-0: Swinging Strike
2-1: Ground out 4-3 (Groundball, 34, EV 87.5 MPH)
Benardrick Bajraktari to third
Batting: RHB Killian Gachukia 0-0: Reached on error, E3 (Groundball, 34S, EV 85.0 MPH)
Benardrick Bajraktari scores
Batting: LHB Devin Clark 0-0: Ball
1-0: Ground out 4-3 (Groundball, 4, EV 100.6 MPH)
Bottom of the 4th over - 2 runs, 1 hit, 1 error, 1 left on base; Frederick 1 - Charleston 3
TOP OF THE 5TH
Frederick Stars batting - Pitching for Charleston Rebels : LHP Thomas Porter
Batting: LHB Harrison Ruto 0-0: Ball
1-0: Ball
2-0: Fly out, F7 (Line Drive, 7LM, EV 96.9 MPH)
Batting: SHB Lane Nixon 0-0: Called Strike
0-1: Foul Ball, location: 2F
0-2: Strikes out looking
Batting: RHB Mitchell Metz 0-0: Called Strike
0-1: Ball
1-1: SINGLE (Groundball, 6M, EV 83.1 MPH) (infield hit)
Batting: LHB Brad Moore 0-0: Ball
Mitchell Metz is caught stealing 2nd base 2-6
Top of the 5th over - 0 runs, 1 hit, 0 errors, 0 left on base; Frederick 1 - Charleston 3
BOTTOM OF THE 5TH
Charleston Rebels batting - Pitching for Frederick Stars : RHP Andy Wilson
Batting: RHB Brant Hartman 0-0: Swinging Strike
0-1: Ball
1-1: Fly out, F8 (Flyball, 78M, EV 93.8 MPH)
Batting: RHB Zachary LaFerriere 0-0: DOUBLE (Line Drive, 7LM, EV 90.6 MPH)
Batting: LHB Chance Sprenkle 0-0: Called Strike
0-1: Ball
1-1: Foul Ball, location: 2F
1-2: Foul Ball, location: 2F
1-2: Ball
2-2: Ball
3-2: Strikes out looking
Batting: RHB Quinton Powell 0-0: Called Strike
0-1: Ground out U3 (Groundball, 3S, EV 70.6 MPH)
Bottom of the 5th over - 0 runs, 1 hit, 0 errors, 1 left on base; Frederick 1 - Charleston 3
TOP OF THE 6TH
Frederick Stars batting - Pitching for Charleston Rebels : LHP Thomas Porter
Batting: LHB Brad Moore 0-0: Ball
1-0: SINGLE (Line Drive, 7LS, EV 114.4 MPH)
Batting: RHB Jay Atwood 0-0: Called Strike
0-1: Swinging Strike
0-2: Grounds into double play, 6-4-3 (Groundball, 6, EV 88.1 MPH)
Batting: RHB Furman Mendoza 0-0: Ball
1-0: Foul Ball, location: 2F
1-1: Fly out, F9 (Flyball, 9, EV 93.1 MPH)
Top of the 6th over - 0 runs, 1 hit, 0 errors, 0 left on base; Frederick 1 - Charleston 3
BOTTOM OF THE 6TH
Charleston Rebels batting - Pitching for Frederick Stars : RHP Andy Wilson
Batting: LHB Nicholas Murphy 0-0: Ball
1-0: Bunted foul
1-1: Ball
2-1: Called Strike
2-2: Ball
3-2: Foul Ball, location: 2F
3-2: Fly out, F7 (Flyball, 7S, EV 76.2 MPH)
Batting: LHB Benardrick Bajraktari 0-0: Called Strike
0-1: Ball
1-1: Ball
2-1: SINGLE (Groundball, 4MD, EV 101.2 MPH)
Batting: SHB Keith Parham 0-0: Called Strike
0-1: Ball
1-1: Ball
2-1: Foul Ball, location: 2F
2-2: Grounds into double play, 5-4-3 (Groundball, 5L, EV 83.8 MPH)
Bottom of the 6th over - 0 runs, 1 hit, 0 errors, 0 left on base; Frederick 1 - Charleston 3
TOP OF THE 7TH
Frederick Stars batting - Pitching for Charleston Rebels : LHP Thomas Porter
Batting: RHB Fabyon Choi 0-0: Called Strike
0-1: Called Strike
0-2: DOUBLE (Line Drive, 8LXD, EV 102.5 MPH)
Batting: RHB Abraham Koziarz 0-0: Ground out 5-3 (Groundball, 5S, EV 70.6 MPH)
Fabyon Choi to third
Batting: RHB Carston Abidugun 0-0: Called Strike
0-1: Foul Ball, location: 2F
0-2: Strikes out swinging
Pinch Hitting: RHB Dalton Seaton 0-0: Ball
1-0: Ball
2-0: Ball
3-0: Called Strike
3-1: Base on Balls
Batting: SHB Lane Nixon 0-0: Called Strike
0-1: Ball
1-1: Fielders Choice at 2nd, 6-4 (Groundball, 6, EV 81.2 MPH)
Top of the 7th over - 0 runs, 1 hit, 0 errors, 2 left on base; Frederick 1 - Charleston 3
BOTTOM OF THE 7TH
Charleston Rebels batting - Pitching for Frederick Stars : RHP Andy Wilson
Now in LF: Dalton Seaton
Batting: RHB Killian Gachukia 0-0: Called Strike
0-1: Ground out 6-3 (Groundball, 6M, EV 81.9 MPH)
Batting: LHB Devin Clark 0-0: Called Strike
0-1: Foul Ball, location: 2F
0-2: Strikes out swinging
Batting: RHB Brant Hartman 0-0: Called Strike
0-1: DOUBLE (Line Drive, 9LD, EV 103.8 MPH)
Pitching: LHP LaSean Wheeler
Batting: RHB Zachary LaFerriere 0-0: Foul Ball, location: 2F
0-1: Ball
1-1: Ground out 5-3 (Groundball, 56, EV 85.0 MPH)
Bottom of the 7th over - 0 runs, 1 hit, 0 errors, 1 left on base; Frederick 1 - Charleston 3
TOP OF THE 8TH
Frederick Stars batting - Pitching for Charleston Rebels : LHP Thomas Porter
Batting: RHB Mitchell Metz 0-0: Ground out U3 (Groundball, 34, EV 90.0 MPH)
Pinch Hitting: RHB Isaiah Peterson 0-0: Ball
1-0: Ball
2-0: Fly out, F9 (Flyball, 89D, EV 93.1 MPH)
Batting: RHB Jay Atwood 0-0: Called Strike
0-1: Ball
1-1: Ball
2-1: Called Strike
2-2: Fly out, F8 (Flyball, 89M, EV 84.4 MPH)
Top of the 8th over - 0 runs, 0 hits, 0 errors, 0 left on base; Frederick 1 - Charleston 3
BOTTOM OF THE 8TH
Charleston Rebels batting - Pitching for Frederick Stars : LHP LaSean Wheeler
Now in LF: Isaiah Peterson
Now in CF: Dalton Seaton
Batting: LHB Chance Sprenkle 0-0: Called Strike
0-1: Ball
1-1: Called Strike
1-2: Ball
2-2: Foul Ball, location: 2F
2-2: Fly out, F5 (Popup, 56S, EV 73.8 MPH)
Batting: RHB Quinton Powell 0-0: SOLO HOME RUN (Flyball, 7D, EV 95.0 MPH), Distance : 370 ft
Batting: LHB Nicholas Murphy 0-0: Ball
1-0: DOUBLE (Line Drive, 7LS, EV 110.0 MPH)
Batting: LHB Benardrick Bajraktari 0-0: Ball
1-0: Foul Ball, location: 2F
1-1: Ground out 1-3 (Groundball, 34S, EV 68.8 MPH)
Nicholas Murphy to third
Batting: SHB Keith Parham 0-0: Ball
1-0: Ball
2-0: Ball
3-0: Base on Balls
Batting: RHB Killian Gachukia 0-0: Ball
1-0: Called Strike
1-1: Fly out, F8 (Flyball, 8LD, EV 83.8 MPH)
Bottom of the 8th over - 1 run, 2 hits, 0 errors, 2 left on base; Frederick 1 - Charleston 4
TOP OF THE 9TH
Frederick Stars batting - Pitching for Charleston Rebels : LHP Thomas Porter
Pitching: RHP Jahvari Bagwell
Batting: RHB Furman Mendoza 0-0: Called Strike
0-1: Ball
1-1: SINGLE (Flyball, 89S, EV 83.8 MPH)
Batting: RHB Fabyon Choi 0-0: Ball
1-0: Ball
2-0: Foul Ball, location: 2F
2-1: Foul Ball, location: 2F
2-2: Ball
3-2: 2-RUN HOME RUN (Flyball, 7D, EV 96.9 MPH), Distance : 391 ft
Pinch Hitting: LHB Steven Widerman 0-0: Ball
1-0: Foul Ball, location: 2F
1-1: Swinging Strike
1-2: Ball
2-2: Strikes out looking and he ARGUES THE CALL AND IS TOSSED!
Pinch Hitting: LHB Earnest Feher 0-0: Called Strike
0-1: Ball
1-1: Ball
2-1: Called Strike
2-2: Ball
3-2: Foul Ball, location: 2F
3-2: Foul Ball, location: 2F
3-2: Foul Ball, location: 2F
3-2: Fly out, F8 (Flyball, 8LM, EV 90.6 MPH)
Batting: RHB Dalton Seaton 0-0: Ball
1-0: Called Strike
1-1: Ground out 4-3 (Groundball, 34, EV 103.1 MPH)
Top of the 9th over - 2 runs, 2 hits, 0 errors, 0 left on base; Frederick 3 - Charleston 4
Friday, May 3rd , 2024 - OOTP Baseball 23.10 Build 110